 Dungeon Crawl Stone Soup version 0.17-a0-1404-gb8113a6 (webtiles) character file.

378 bal the Ducker (level 6, -3/46 HPs)
             Began as a Demonspawn Gladiator on June 21, 2015.
             Succumbed to Chiseanne's ghost's sting
             ... on level 4 of the Dungeon.
             The game lasted 00:10:23 (3309 turns).

bal the Ducker (Demonspawn Gladiator)               Turns: 3309, Time: 00:10:23

Health: -3/46      AC: 13    Str: 17    XL:     6   Next: 45%
Magic:  6/6        EV: 12    Int: 10    God:
Gold:   316        SH:  0    Dex: 13    Spells: 0 memorised, 5 levels left

rFire  . . .     SeeInvis .     a - +1 war axe
rCold  . . .     Clarity  .     l - +0 ring mail
rNeg   . . .     SustAt   .     (no shield)
rPois  .         Gourm    .     c - +1 helmet
rElec  .         Spirit   .     (no cloak)
rCorr  .         Warding  .     (no gloves)
rMut   .         Stasis   .     (no boots)
MR     .....                    (no amulet)
Stlth  +.........               (no ring)
                                t - ring of wizardry

@: lethally poisoned (-3 -> -44), not resistant to hostile enchantments, very
unstealthy
A: hooves 1, iridescent scales 2, spiny 1
a: no special abilities


You were on level 4 of the Dungeon.
You were not hungry.

You visited 1 branch of the dungeon, and saw 5 of its levels.

You collected 316 gold pieces.

Inventory:

Hand weapons
 a - a +1 war axe (weapon)
 b - a +0 hunting sling
 r - a cursed +0 dagger
Missiles
 d - 3 throwing nets
 k - 5 tomahawks (quivered)
 m - 31 poisoned needles
 n - 2 javelins
 u - 10 sling bullets
Armour
 c - a +1 helmet (worn)
 l - a +0 ring mail (worn)
Jewellery
 h - an uncursed amulet of stasis {unknown}
 t - a ring of wizardry (left hand)
Magical devices
 o - a wand of polymorph (19)
Scrolls
 j - a scroll of teleportation
 v - a scroll of magic mapping
Potions
 f - a potion of brilliance
 g - a potion of magic
 p - 3 potions of might
Comestibles
 e - 3 bread rations
 i - 2 chunks of flesh


   Skills:
 + Level 2.6 Fighting
 + Level 3.9 Axes
 + Level 3.0(3.3) Slings
 + Level 1.9(2.7) Throwing
 + Level 1.5 Armour
 + Level 4.0 Dodging
 + Level 1.1 Stealth


You had 5 spell levels left.
You didn't know any spells.

Dungeon Overview and Level Annotations

Branches:
Dungeon (5/15)
 Temple: D:4-7

Altars:
Gozag

Annotations:
D:4 Chiseanne's ghost, average TrVM
D:5 bal's ghost, experienced DsGl


Innate Abilities, Weirdness & Mutations

You have large cloven feet.
You are mostly covered in iridescent scales (AC +6).
You are partially covered in sharp spines.


Message History

Chiseanne's ghost points at you and mumbles some strange words.
The sting hits you!
You are more poisoned.
* * * LOW HITPOINT WARNING * * *
You barely miss Chiseanne's ghost.
Chiseanne's ghost is moderately damaged.
* * * LOW HITPOINT WARNING * * *
You feel very sick.
Chiseanne's ghost gestures at you while chanting.
The sting hits you!
You are more poisoned.
Chiseanne's ghost barely misses you.
You closely miss Chiseanne's ghost.
Chiseanne's ghost is moderately damaged.
* * * LOW HITPOINT WARNING * * *
You feel very sick. Chiseanne's ghost barely misses you.
You hit Chiseanne's ghost.
Chiseanne's ghost is heavily damaged.
You die...

####### ## ###############.....#
#####. ..........'...'.....#
#...#. ..........#...#.....######
#...#. ##.#####.##...####'#.....#
#...#.
##.#####.##...##((.'.....####..'.
##..'.........##W..#.....#.##..#.
##.##'##.##...##@..#.....'.....#.
##.##.##'##.>.'...(#.....#+##..#.
'........##...##...#........#..#.
##.##.##.##...##'###........#..#.
##.##'##.##...+....'........#..#.
'......#.##...##...#........#..#.
#......+.##'######'##'###...#.♣P.
########.##.....<...'...#...P....
########.##...##...##...'........


You could see Chiseanne's ghost.

Vanquished Creatures
  A phantom (D:4)
  3 hounds (D:4)
  An iguana (D:5)
  4 adders (D:3)
  2 river rats (D:3)
  An ooze (D:2)
  4 worms
  2 giant geckos
  4 orcs
  A bat skeleton (D:4)
  5 giant cockroaches
  5 hobgoblins
  19 jackals
  9 kobolds
  2 ball pythons (D:1)
  11 bats
  11 giant newts
  6 goblins
  4 quokkas
  10 rats
105 creatures vanquished.

Notes
Turn   | Place    | Note
--------------------------------------------------------------
     0 | D:1      | bal the Demonspawn Gladiator began the quest for the Orb.
     0 | D:1      | Reached XP level 1. HP: 16/16 MP: 1/1
   112 | D:1      | Reached skill level 3 in Axes
   156 | D:1      | Gained mutation: You are partially covered in sharp spines. [demonic ancestry]
   156 | D:1      | Reached XP level 2. HP: 20/22 MP: 2/2
   362 | D:1      | Gained mutation: You are partially covered in iridescent scales (AC +4). [demonic ancestry]
   362 | D:1      | Reached XP level 3. HP: 27/27 MP: 3/3
  1354 | D:3      | Reached XP level 4. HP: 31/34 MP: 4/4
  1590 | D:3      | You fall through a shaft!
  1629 | D:4      | Noticed Chiseanne's ghost (average TrVM)
  1646 | D:5      | Entered Level 5 of the Dungeon
  1694 | D:5      | Reached skill level 1 in Armour
  1871 | D:5      | Noticed bal's ghost (experienced DsGl)
  1893 | D:4      | Gained mutation: You are mostly covered in iridescent scales (AC +6). [demonic ancestry]
  1893 | D:4      | Reached XP level 5. HP: 39/39 MP: 5/5
  1992 | D:4      | Found an opulent altar of Gozag.
  2367 | D:4      | Noticed a phantom
  2386 | D:4      | Killed a phantom
  2588 | D:4      | Gained mutation: You have large cloven feet. [demonic ancestry]
  2588 | D:4      | Reached XP level 6. HP: 46/46 MP: 6/6
  2899 | D:3      | Reached skill level 1 in Stealth
  3192 | D:3      | Reached skill level 4 in Dodging
  3308 | D:4      | HP: 1/46 [poisoned by Chiseanne's ghost (sting)]
  3309 | D:4      | Succumbed to Chiseanne's ghost's sting

Vault maps used:
D:1:      eino_arrival_water_cross, serial_corexii_hall, corexii_hall_statues_x,
          corexii_hall_statues_t, minmay_lizard_king
D:3:      first_bread, portal_sewer_entry_e, nrook_uturn
D:4:      serial_bayou, serial_bayou_lagoon_a, serial_bayou_shore_b,
          serial_bayou_pond_a, serial_bayou_lake_a,
          hangedman_abyss_or_decor_stabs, nicolae_gozag_seed_capital
D:5:      uniq_blork_the_orc

Action                   |  1- 3 |  4- 6 || total
-------------------------+-------+-------++-------
Melee: War axe           |    74 |    42 ||   116
 Fire: Hunting sling     |       |   115 ||   115
Throw: Tomahawk          |     3 |     8 ||    11
       Throwing net      |       |     3 ||     3
  Use: Scroll            |     1 |     8 ||     9
       Potion            |       |     6 ||     6
 Stab: Sleeping          |     1 |       ||     1
  Eat: Bread ration      |     1 |     1 ||     2
       Beef jerky        |       |     1 ||     1
